 Dungeon Crawl Stone Soup version 0.22.0-25-g7663229ff0 (webtiles) character file.

921 Gunterle the Skirmisher (level 7, -9/56 HPs)
             Began as a Mummy Fighter on Aug 20, 2018.
             Was an Initiate of Gozag.
             Mangled by a wyvern (10 damage)
             ... on level 5 of the Dungeon.
             The game lasted 00:22:26 (5262 turns).

Gunterle the Skirmisher (Mummy Fighter)             Turns: 5262, Time: 00:22:27

Health: -9/56      AC: 12    Str: 21    XL:     7   Next: 84%
Magic:  7/7        EV:  5    Int:  8    God:    Gozag
Gold:   284        SH:  9    Dex: 11    Spells: 6/6 levels left

rFire    . . .     SeeInvis .   a - +1 flail
rCold    + . .     Gourm    .   c - +0 shield
rNeg     + + +     Faith    .   f - +1 chain mail {rF+}
rPois    ∞         Spirit   .   e - +0 helmet
rElec    .         Reflect  .   (no cloak)
rCorr    +         Harm     .   (no gloves)
MR       .....                  h - +0 pair of boots
Stlth    ..........             (no amulet)
HPRegen  0.18/turn              k - ring of resist corrosion
MPRegen  0.10/turn              o - ring of stealth

@: gold aura, hasted, very quick
A: no food or potions, fire vulnerability, cold resistance 1, negative energy
resistance 3, torment resistance, unbreathing
a: Potion Petition, Call Merchant, Bribe Branch, Renounce Religion


You were on level 5 of the Dungeon.
You worshipped Gozag.
Gozag was aware of your devotion.
You were not hungry.

You visited 2 branches of the dungeon, and saw 6 of its levels.

You collected 377 gold pieces.
You paid 93 gold pieces to Gozag.

Inventory:

Hand Weapons
 a - a +1 flail (weapon)
 d - a +4 hand axe
 i - a +0 hunting sling
 m - a +0 shortbow
Missiles
 g - 101 stones (quivered)
 n - 37 arrows
 r - 23 poisoned needles
 s - 32 sling bullets
Armour
 c - a +0 shield (worn)
 e - a +0 helmet (worn)
 f - a +1 chain mail of fire resistance (worn)
 h - a +0 pair of boots (worn)
Jewellery
 j - an uncursed amulet of harm
 k - a ring of resist corrosion (left hand)
 l - an uncursed amulet of faith
 o - a ring of stealth (right hand)
Wands
 t - a wand of polymorph (2)
 v - a wand of flame (8)
Scrolls
 b - 3 scrolls of immolation
 p - a scroll of remove curse
 w - a scroll of identify


   Skills:
 + Level 5.0 Fighting
 * Level 4.9 Maces & Flails
 + Level 4.1 Armour
 + Level 4.1 Shields


You had 6 spell levels left.
You didn't know any spells.
Your spell library was empty.

Dungeon Overview and Level Annotations

Branches:
Dungeon (5/15)             Temple (1/1) D:4

Altars:
Ashenzari
Cheibriados
Dithmenos
Elyvilon
Fedhas
Gozag
Hepliaklqana
Kikubaaqudgha
Makhleb
Qazlal
Ru
Sif Muna
Trog
Vehumet
Yredelemnul
Zin
The Shining One


Innate Abilities, Weirdness & Mutations

You do not eat or drink.
Your flesh is vulnerable to fire.
You are immune to poison.
Your flesh is cold resistant. (rC+)
You are immune to negative energy. (rN+++)
You are immune to unholy pain and torment.
You can survive without breathing.


Message History

You hit the wyvern.
The wyvern is severely wounded.
The wyvern bites you.
* * * LOW HITPOINT WARNING * * *
The wyvern bites you but does no damage.
You hit the wyvern.
The wyvern is severely wounded.
The wyvern bites you!
* * * LOW HITPOINT WARNING * * *
You barely miss the wyvern.
The wyvern is severely wounded.
The wyvern barely misses you.
As you read the scroll labeled GOUL MUNUCWYIK, it crumbles to dust.
It is a scroll of enchant weapon.
Your +0 flail glows red for a moment.
The wyvern barely misses you.
As you read the scroll labeled MUARGH MICOS, it crumbles to dust.
It is a scroll of amnesia.
You feel forgetful for a moment. The wyvern bites you!
You die...
Your body crumbles into a pile of gold.

####### ##.....## ..
#.......# ###.
####....$..# ...
..#.#.l@# # $
#.###.#.#.#<#.# ..
####..##.#.#.###.#....
.....<......c.........
####..#.#####.5.^.....
#..<.(.c.........###
#..#..##..........#
#.....#^o..........#
#####.#...^........#


You could see a wyvern.

Vanquished Creatures
  An orc warrior (D:4)
  2 centaurs
  A big kobold (D:3)
  2 scorpions (D:4)
  A wight (D:5)
  A hound (D:3)
  A centaur skeleton (D:5)
  An orc wizard (D:5)
  Jessica (D:2)
  7 worker ants
  A gnoll (D:1)
  5 adders
  A shadow imp (D:5)
  2 worms
  3 dart slugs
  4 leopard geckos
  8 orcs
  A ball python (D:4)
  7 bats
  5 giant cockroaches
  15 goblins
  9 hobgoblins
  8 jackals
  18 kobolds
  2 quokkas
  11 frilled lizards
  8 rats
126 creatures vanquished.

Notes
Turn   | Place    | Note
-------+----------+-------------------------------------------
     0 | D:1      | Gunterle the Mummy Fighter began the quest for the Orb.
     0 | D:1      | Reached XP level 1. HP: 18/18 MP: 1/1
    66 | D:1      | Reached XP level 2. HP: 20/24 MP: 2/2
   340 | D:1      | Reached XP level 3. HP: 29/29 MP: 3/3
   711 | D:2      | Noticed Jessica
   791 | D:2      | Killed Jessica
   791 | D:2      | Reached XP level 4. HP: 31/35 MP: 4/4
  1890 | D:3      | Noticed a centaur
  2040 | D:3      | Killed a centaur
  2040 | D:3      | Reached XP level 5. HP: 20/42 MP: 5/5
  2381 | D:3      | Reached skill level 4 in Fighting
  2506 | D:3      | Reached XP level 6. HP: 40/48 MP: 6/6
  2784 | D:4      | Noticed an orc warrior
  3046 | D:4      | Found a blossoming altar of Fedhas.
  3604 | D:4      | Reached XP level 7. HP: 52/55 MP: 7/7
  4434 | D:4      | Found a staircase to the Ecumenical Temple.
  4443 | Temple   | Entered the Ecumenical Temple
  4579 | Temple   | Became a worshipper of Gozag Ym Sagoz the Greedy
  4611 | D:5      | Entered Level 5 of the Dungeon
  5008 | D:5      | Noticed a hippogriff
  5016 | D:5      | Noticed a wyvern
  5105 | D:4      | Reached skill level 5 in Fighting
  5259 | D:5      | HP: 1/56 [wyvern (14)]
  5262 | D:5      | Mangled by a wyvern

Skill      XL: |  1  2  3  4  5  6  7 |
---------------+----------------------+-----
Maces & Flails | 2 3 4 |  4.9
Armour         | 3 4 |  4.1
Shields        | 3 4 |  4.1
Fighting       | 4 5 |  5.0

Action                   |  1- 3 |  4- 6 |  7- 9 || total
-------------------------+-------+-------+-------++-------
Melee: Flail             |   122 |   388 |   115 ||   625
Invok: Potion Petition   |       |       |     1 ||     1
  Use: Scroll            |     1 |     3 |     2 ||     6
Armor: Scale mail        |    10 |       |       ||    10
       Chain mail        |    45 |   293 |    60 ||   398
Dodge: Dodged            |    27 |   106 |    22 ||   155
Block: Shield            |    52 |   263 |    73 ||   388
